 Dungeon Crawl Stone Soup version 0.22-a0-305-gd21a89c (webtiles) character file.

14893 Gorice the Basher (level 11, -4/75 HPs)
             Began as a Demonspawn Wanderer on Mar 31, 2018.
             Killed from afar by a fire dragon (43 damage)
             ... with a blast of flame
             ... on level 1 of the Lair of Beasts.
             The game lasted 00:47:06 (10579 turns).

Gorice the Basher (Demonspawn Wanderer)            Turns: 10579, Time: 00:47:07

Health: -4/75      AC: 21    Str: 16    XL:     11   Next: 94%
Magic:  12/12      EV:  8    Int: 15    God:
Gold:   612        SH:  4    Dex: 13    Spells: 12/12 levels left

rFire    . . .     SeeInvis .   a - +4 morningstar
rCold    + . .     Gourm    .   c - +0 buckler
rNeg     . . .     Faith    .   G - +0 plate armour
rPois    .         Spirit   .   O - +2 hat {MR+}
rElec    .         Reflect  .   K - +0 cloak
rCorr    .         Harm     .   j - +0 pair of gloves
MR       +....                  (no boots)
Stlth    ..........             (no amulet)
HPRegen  0.22/turn              e - +3 ring of evasion
MPRegen  0.13/turn              P - +2 ring of protection

@: no status effects
A: horns 2, thin skeletal structure 1, cold resistance 1, spiny 1, freezing
cloud immunity
a: no special abilities


You were on level 1 of the Lair of Beasts.
You were very hungry.

You visited 3 branches of the dungeon, and saw 12 of its levels.

You collected 612 gold pieces.

Inventory:

Hand Weapons
 a - a +4 morningstar (weapon)
 B - a +0 blowgun
 M - a +3 flail of protection
   (You took it off Edmund on level 6 of the Dungeon)
Missiles
 m - 30 poisoned needles
 H - 8 tomahawks (quivered)
 I - 8 curare-tipped needles
 Y - 161 stones
Armour
 c - a +0 buckler (worn)
 j - a +0 pair of gloves (worn)
 G - a +0 plate armour (worn)
 K - a +0 cloak (worn)
 O - a +2 hat of magic resistance (worn)
   (You took it off Gastronok on level 10 of the Dungeon)
Jewellery
 e - a +3 ring of evasion (left hand)
 p - an uncursed ring of poison resistance
 E - an uncursed ring of positive energy
 P - a +2 ring of protection (right hand)
Wands
 g - a wand of clouds (3)
 h - a wand of flame (26)
 r - a wand of enslavement (11)
 y - a wand of acid (2)
 C - a wand of iceblast (6)
 J - a wand of disintegration (8)
 N - a wand of polymorph (5)
Scrolls
 k - 4 scrolls of remove curse
 l - 2 scrolls of enchant armour
 q - a scroll of fear {unknown}
 u - 4 scrolls of magic mapping {!r}
 S - 2 scrolls of teleportation {!r}
Potions
 b - 6 potions of curing
 d - a potion of brilliance {!q}
 i - a potion of flight
 n - 2 potions of agility {!q}
 o - 2 potions of might {!q}
 t - 3 potions of lignification {!q}
 Q - a potion of ambrosia {unknown}
Comestibles
 f - 23 rations


   Skills:
 - Level 3.0 Fighting
 * Level 13.8 Maces & Flails
 - Level 1.0 Throwing
 + Level 10.8 Armour
 - Level 1.0 Shields
 - Level 1.0 Spellcasting
   Level 2.0 Hexes


You had 12 spell levels left.
You didn't know any spells.

Dungeon Overview and Level Annotations

Branches:
Dungeon (10/15)            Temple (1/1) D:5            Lair (1/6) D:10
    Orc: D:9-12

Altars:
Ashenzari
Cheibriados
Dithmenos
Elyvilon
Fedhas
Gozag
Hepliaklqana
Kikubaaqudgha
Makhleb
Nemelex Xobeh
Okawaru
Qazlal
Ru
Sif Muna
Trog
Uskayaw
Vehumet
Wu Jian
Xom
Yredelemnul
Zin
The Shining One

Shops:
D:4 (

Annotations:
D:10 exclusion: obsidian statue


Innate Abilities, Weirdness & Mutations

You have a pair of horns on your head.
You have a somewhat thin skeletal structure. (Dex +2, Stealth)
Your flesh is cold resistant. (rC+)
You are partially covered in sharp spines.
You are immune to freezing clouds.


Message History

A salamander comes into view.
Okay, then.
Okay, then.
Evoke which item? (* to show all) (? for menu, Esc to quit)
Aiming: Iceblast
Press: ? - help, Shift-Dir - straight line The mass of ice explodes!
The iceblast engulfs the fire dragon.
The fire dragon is frozen!
The fire dragon is moderately wounded.
Evoke which item? (* to show all) (? for menu, Esc to quit)
Aiming: Cloud Cone
Press: ? - help, Dir - move target cursor, f - you
Okay, then.
There's nothing to close nearby.
Evoke which item? (* to show all) (? for menu, Esc to quit)
Aiming: Corrosive Bolt
Press: ? - help, Shift-Dir - straight line, f - you
Okay, then.
Evoke which item? (* to show all) (? for menu, Esc to quit)
Aiming: Corrosive Bolt
Press: ? - help, Shift-Dir - straight line, f - you
Okay, then.
Evoke which item? (* to show all) (? for menu, Esc to quit)
Aiming: Iceblast
Press: ? - help, Shift-Dir - straight line The mass of ice explodes!
The iceblast engulfs the fire dragon.
The fire dragon is lightly wounded.
Evoke which item? (* to show all) (? for menu, Esc to quit)
Aiming: Cloud Cone
Press: ? - help, Dir - move target cursor, f - you
Okay, then.
Evoke which item? (* to show all) (? for menu, Esc to quit)
Aiming: Corrosive Bolt
Press: ? - help, Shift-Dir - straight line, f - fire dragon
Aim: a fire dragon (lightly wounded)
The bolt of acid hits the fire dragon.
The fire dragon is splashed with acid.
The fire dragon is moderately wounded.
Evoke which item? (* to show all) (? for menu, Esc to quit)
Aiming: Cloud Cone
Press: ? - help, Dir - move target cursor, f/p - fire dragon
Aim: a fire dragon (moderately wounded)
You create a blast of poison gas!
The fire dragon breathes flames at you. The blast of flame hits you!
Damage: 36 (max 36) Unknown command.
The fire dragon breathes flames at you. The blast of flame hits you!
Ouch! That really hurt!
You die...

≈.# #.# #.##
..# #.# #§#
..# #.# ##§#
..# ##.# #§D#
..P #P.###
#§##
##.).#### #.#
#......# #.#
#.#.##.####.#
#.#.##.##.@.#
#.#.##....###
....#######
....# .....#
...#


You could see a fire dragon.

Vanquished Creatures
  Gastronok (D:10)
  6 two-headed ogres
  A manticore (D:8)
  A black mamba (Lair:1)
  2 spiny frogs (Lair:1)
  A komodo dragon (Lair:1)
  A troll (D:10)
  Grinder (D:6)
  4 blink frogs (Lair:1)
  Prince Ribbit (D:7)
  2 hippogriffs
  17 yaks
  A wraith (D:10)
  A basilisk (D:10)
  A steam dragon (D:10)
  Edmund (D:6)
  Menkaure (D:6)
  A hungry ghost (D:9)
  A water moccasin (Lair:1)
  A porcupine (Lair:1)
  2 orc warriors (D:9)
  A black bear (D:6)
  3 ice beasts
  A phantom (D:5)
  A necrophage (D:6)
  4 crocodiles
  A centaur (D:7)
  3 big kobolds
  2 scorpions
  3 killer bees (D:8)
  4 wights (D:9)
  A howler monkey (D:9)
  A centaur zombie (D:8)
  3 crimson imps
  3 bullfrog skeletons
  4 hounds
  3 jellies
  2 centaur skeletons
  A gnoll shaman (D:6)
  4 orc priests
  5 orc wizards
  Jessica (D:2)
  An iguana (D:10)
  3 worker ants
  A hound skeleton (D:7)
  6 gnolls
  4 adders
  A shadow imp (D:5)
  2 oozes
  An adder zombie (D:6)
  An adder skeleton (D:4)
  4 worms
  A dart slug (D:1)
  4 leopard geckos
  13 orcs
  7 bats
  4 giant cockroaches
  4 goblins
  3 hobgoblins
  2 quokkas
  2 frilled lizards (D:1)
  22 kobolds
  7 rats
192 creatures vanquished.

Vanquished Creatures (others)
  A deep elf mage (D:9)
  A yak (D:9)
  Eustachio (D:6)
  A centaur (D:9)
  A big kobold (D:9)
  An orc wizard (D:9)
  2 orc priests (D:9)
  A hound (D:9)
  A bush (Lair:1)
  A fungus (Lair:1)
  A plant (Lair:1)
12 creatures vanquished.

Grand Total: 204 creatures vanquished

Notes
Turn   | Place    | Note
-------+----------+-------------------------------------------
     0 | D:1      | Gorice the Demonspawn Wanderer began the quest for the Orb.
     0 | D:1      | Gorice set off with: a +2 scale mail, a potion of curing, a +0 buckler, a +0 club, a ration
     0 | D:1      | Reached XP level 1. HP: 16/16 MP: 2/2
    52 | D:1      | Reached skill level 3 in Armour
    52 | D:1      | Gained mutation: You are partially covered in sharp spines. [demonic ancestry]
    52 | D:1      | Reached XP level 2. HP: 17/23 MP: 3/3
   795 | D:2      | Reached XP level 3. HP: 28/28 MP: 4/4
   831 | D:2      | Found an iron altar of Okawaru.
  1179 | D:2      | Reached skill level 3 in Fighting
  1383 | D:2      | Noticed Jessica
  1393 | D:2      | Killed Jessica
  1393 | D:2      | Reached skill level 1 in Maces & Flails
  1410 | D:2      | Gained mutation: You have a pair of small horns on your head. [demonic ancestry]
  1410 | D:2      | Reached XP level 4. HP: 24/35 MP: 5/5
  1693 | D:3      | Reached skill level 2 in Maces & Flails
  1853 | D:2      | Gained mutation: Your flesh is cold resistant. (rC+) [demonic ancestry]
  1853 | D:2      | Reached XP level 5. HP: 41/41 MP: 6/6
  1868 | D:2      | Reached skill level 4 in Armour
  2019 | D:3      | Reached skill level 3 in Maces & Flails
  2799 | D:4      | Found Ikug's Weapon Shoppe.
  2879 | D:3      | Found a bloodstained altar of Trog.
  2906 | D:4      | Gained mutation: You have a somewhat thin skeletal structure. (Dex +2, Stealth) [demonic ancestry]
  2906 | D:4      | Reached XP level 6. HP: 41/47 MP: 7/7
  2916 | D:4      | Found a stormy altar of Qazlal.
  3206 | D:4      | Reached skill level 4 in Maces & Flails
  3609 | D:5      | Entered Level 5 of the Dungeon
  3772 | D:5      | Found a staircase to the Ecumenical Temple.
  4328 | Temple   | Entered the Ecumenical Temple
  4807 | D:6      | Noticed Edmund
  4834 | D:6      | Killed Edmund
  4834 | D:6      | Reached skill level 5 in Maces & Flails
  4834 | D:6      | Reached skill level 5 in Armour
  4834 | D:6      | Gained mutation: You have a pair of horns on your head. [demonic ancestry]
  4834 | D:6      | Reached XP level 7. HP: 19/52 MP: 8/8
  5077 | D:6      | Noticed Grinder
  5098 | D:6      | Paralysed by Grinder for 5 turns
  5103 | D:6      | Killed Grinder
  5103 | D:6      | Reached skill level 6 in Maces & Flails
  5174 | D:6      | Noticed Eustachio
  5186 | D:6      | Killed Eustachio
  5186 | D:6      | Reached XP level 8. HP: 36/58 MP: 9/9
  5187 | D:6      | --Heh, killed by his own white imp...
  5187 | D:6      | --...trying to zap me!
  5197 | D:6      | Found a hazy altar of Hepliaklqana.
  5330 | D:6      | Noticed Menkaure
  5342 | D:6      | Killed Menkaure
  5342 | D:6      | Reached skill level 6 in Armour
  5354 | D:6      | Reached skill level 7 in Maces & Flails
  5794 | D:7      | Noticed Prince Ribbit
  5802 | D:7      | Killed Prince Ribbit
  5802 | D:7      | Reached skill level 8 in Maces & Flails
  6147 | D:8      | Noticed a two-headed ogre
  6155 | D:8      | Killed a two-headed ogre
  6155 | D:8      | Reached skill level 9 in Maces & Flails
  6155 | D:8      | Reached skill level 7 in Armour
  6155 | D:8      | Reached XP level 9. HP: 39/62 MP: 10/10
  6366 | D:8      | Noticed a two-headed ogre
  6370 | D:8      | Killed a two-headed ogre
  6370 | D:8      | Reached skill level 10 in Maces & Flails
  6474 | D:8      | Noticed a manticore
  6480 | D:8      | HP: 8/62 [manticore (17)]
  6481 | D:8      | Killed a manticore
  6481 | D:8      | Reached skill level 8 in Armour
  7030 | D:8      | Reached XP level 10. HP: 60/69 MP: 11/11
  7098 | D:9      | Killed a deep elf mage
  7155 | D:9      | Noticed a two-headed ogre
  7162 | D:9      | Killed a two-headed ogre
  7501 | D:9      | Reached skill level 11 in Maces & Flails
  7826 | D:9      | Found a shimmering altar of Xom.
  7875 | D:9      | Noticed a two-headed ogre
  7886 | D:9      | Killed a two-headed ogre
  7886 | D:9      | Reached skill level 9 in Armour
  7888 | D:9      | Noticed a two-headed ogre
  7895 | D:9      | Killed a two-headed ogre
  7900 | D:9      | HP: 18/69 [ice beast (7)]
  7905 | D:9      | HP: 20/70 [ice beast (6)]
  8387 | D:9      | Found a basalt altar of Yredelemnul.
  8520 | D:10     | Entered Level 10 of the Dungeon
  8563 | D:10     | Reached skill level 12 in Maces & Flails
  8740 | D:10     | Gained mutation: You are immune to freezing clouds. [demonic ancestry]
  8740 | D:10     | Reached XP level 11. HP: 56/75 MP: 12/12
  8984 | D:10     | Noticed an obsidian statue
  9145 | D:10     | Noticed Gastronok
  9159 | D:10     | Killed Gastronok
  9159 | D:10     | Reached skill level 10 in Armour
  9181 | D:10     | Noticed a two-headed ogre
  9188 | D:10     | Killed a two-headed ogre
  9188 | D:10     | Reached skill level 13 in Maces & Flails
  9477 | D:10     | Found a staircase to the Lair.
  9678 | Lair:1   | Entered Level 1 of the Lair of Beasts
 10100 | Lair:1   | HP: 21/75 [black mamba (2)]
 10560 | Lair:1   | Noticed a fire dragon
 10579 | Lair:1   | Killed from afar by a fire dragon

Vault maps used:
D:1:      dpeg_arrival_shelter
D:2:      cheibrodos_pilgrimage, okawaru_gym_becter, uniq_jessica
D:3:      lemuel_upstairs_altar, serial_bayou_lake_a
D:4:      serial_shops, shop, first_ration, st_stairs_1,
          nicolae_qazlal_general_emergency
D:5:      minmay_temple_entry_poolview
D:6:      black_bear_nest_1, basic_altar, uniq_edmund, uniq_eustachio,
          uniq_menkaure, uniq_grinder
D:7:      uniq_prince_ribbit1
D:9:      xom_confusion_cloud, blue_anna_alchemist, yredelemnul_altar_generic
D:10:     david_lair_generic, minivault_16, uniq_gastronok
Temple:   roderic_octagonal_lattice_temple
Lair:1:   dragon1_lemuel, special_room, minmay_lair_oklob_items,
          infiniplex_staircase_pool_2

Skill      XL: |  1  2  3  4  5  6  7  8  9 10 11 |
---------------+----------------------------------+-----
Armour         | 3 4 5 7 8 9 10 | 10.8
Fighting       | 3 |  3.0
Maces & Flails | 1 2 3 5 6 9 10 12 13 | 13.8
Throwing       | |  1.0
Shields        | |  1.0
Spellcasting   | |  1.0
Hexes          | |  2.0

Action                   |  1- 3 |  4- 6 |  7- 9 | 10-12 || total
-------------------------+-------+-------+-------+-------++-------
Melee: Club              |    88 |       |       |       ||    88
       Whip              |    24 |    52 |       |       ||    76
       Headbutt          |       |    30 |    26 |    67 ||   123
       Flail             |       |    99 |   149 |   132 ||   380
       Morningstar       |       |       |       |   189 ||   189
Throw: Stone             |       |     9 |     6 |     2 ||    17
       Tomahawk          |       |       |       |    18 ||    18
Evoke: Wand              |       |       |    11 |    19 ||    30
  Use: Scroll            |     1 |    12 |     5 |     4 ||    22
       Potion            |       |       |       |     2 ||     2
  Eat: Chunk             |     1 |     8 |     6 |     9 ||    24
       Ration            |       |     1 |       |     1 ||     2
Armor: Scale mail        |    56 |    55 |    63 |     9 ||   183
       Plate armour      |       |       |       |   100 ||   100
Dodge: Dodged            |    40 |    49 |    68 |    78 ||   235
Block: Buckler           |    24 |    19 |    22 |    31 ||    96

Table legend:
 A = Spawn XP
 B = Non-spawn XP
 C = Spawn XP percentage of total XP
 D = Spawn monster count
 E = Non-spawn monster count
 F = Spawn count percentage of total count
 G = Total turns spent on level
                    A         B        C        D         E        F      G
               +---------+---------+-------+---------+---------+-------+---------
         Total |       0 |   21277 |   0.0 |       0 |     193 |   0.0 | 10579
               +---------+---------+-------+---------+---------+-------+---------
           D:1 |       0 |      40 |   0.0 |       0 |      19 |   0.0 |   852
           D:2 |       0 |     185 |   0.0 |       0 |      21 |   0.0 |  1208
           D:3 |       0 |     129 |   0.0 |       0 |      15 |   0.0 |   868
           D:4 |       0 |     194 |   0.0 |       0 |      11 |   0.0 |   681
           D:5 |       0 |     177 |   0.0 |       0 |       3 |   0.0 |   887
           D:6 |       0 |    1486 |   0.0 |       0 |      25 |   0.0 |   966
           D:7 |       0 |     484 |   0.0 |       0 |       7 |   0.0 |   426
           D:8 |       0 |    2871 |   0.0 |       0 |      23 |   0.0 |  1072
           D:9 |       0 |    4386 |   0.0 |       0 |      25 |   0.0 |  1301
          D:10 |       0 |    7167 |   0.0 |       0 |      27 |   0.0 |  1158
        Lair:1 |       0 |    4158 |   0.0 |       0 |      17 |   0.0 |   901
               +---------+---------+-------+---------+---------+-------+---------

Table legend:
 A = Turns spent in this place as a percentage of turns spent in the entire game.
 B = Non-inter-level travel turns spent in this place as a percentage of non-inter-level travel turns spent in the entire game.
 C = Inter-level travel turns spent in this place as a percentage of turns spent in this place.
 D = Turns resting spent in this place as a percentage of non-inter-level travel turns spent in this place.
 E = Turns spent auto-exploring this place as a percentage of non-inter-level travel turns spent in this place.
 F = Non-inter-level travel turns spent in this place divided by the number of levels of this place that you've seen.
                   A       B       C       D       E      F
               +-------+-------+-------+-------+-------+----------------------
         Total | 100.0 | 100.0 |   3.8 |  24.6 |  47.0 | 847.8
       Dungeon |  89.0 |  88.8 |   4.0 |  23.6 |  48.1 | 903.8
        Temple |   2.4 |   2.3 |   8.9 |   0.0 |  99.6 | 236.0
          Lair |   8.5 |   8.8 |   0.1 |  41.2 |  21.8 | 900.0
               +-------+-------+-------+-------+-------+----------------------

Vault maps used:
D:1:      dpeg_arrival_shelter
D:2:      cheibrodos_pilgrimage, okawaru_gym_becter, uniq_jessica
D:3:      lemuel_upstairs_altar, serial_bayou_lake_a
D:4:      serial_shops, shop, first_ration, st_stairs_1,
          nicolae_qazlal_general_emergency
D:5:      minmay_temple_entry_poolview
D:6:      black_bear_nest_1, basic_altar, uniq_edmund, uniq_eustachio,
          uniq_menkaure, uniq_grinder
D:7:      uniq_prince_ribbit1
D:9:      xom_confusion_cloud, blue_anna_alchemist, yredelemnul_altar_generic
D:10:     david_lair_generic, minivault_16, uniq_gastronok
Temple:   roderic_octagonal_lattice_temple
Lair:1:   dragon1_lemuel, special_room, minmay_lair_oklob_items,
          infiniplex_staircase_pool_2
